 Dungeon Crawl Stone Soup version 0.29.0-4-gdea44cf6ec (webtiles) character file.

Game seed: 3185702772936917651

229 qw the Chopper (level 6, -3/37 HPs)
             Began as a Gargoyle Fighter on Sept 7, 2022.
             Slain by a gnoll bouda
             ... wielding a +2 vampiric whip
              (9 damage)
             ... on level 4 of the Dungeon.
             The game lasted 00:01:29 (3216 turns).

qw the Chopper (Gargoyle Fighter)                   Turns: 3216, Time: 00:01:29

Health: -3/37      AC: 17    Str: 23    XL:     6   Next: 3%
Magic:  6/6        EV:  6    Int:  9    God:
Gold:   193        SH:  4    Dex:  9    Spells: 5/5 levels left

rFire   . . .      SeeInvis .   Y - +1 war axe
rCold   . . .      Faith    .   c - +0 buckler
rNeg    + . .      Spirit   .   h - +0 plate armour
rPois   inf        Reflect  .   (no helmet)
rElec   +          Harm     .   (no cloak)
rCorr   .          Rampage  .   b - +0 pair of gloves of Loar {Str+2 Slay+2}
Will    .....                   (no boots)
Stlth   ..........              (no amulet)
HPRegen 0.12/turn               (no ring)
MPRegen 0.10/turn               (no ring)

@: no status effects
A: sickness immunity, AC +4, negative energy resistance 1, electricity
resistance, torment resistance 1, petrification resistance
a: no special abilities


You were on level 4 of the Dungeon.
You visited 1 branch of the dungeon, and saw 4 of its levels.

You collected 193 gold pieces.


Innate Abilities, Weirdness & Mutations

You are immune to sickness and miasma.
Your stone body is resilient. (AC +4)
You are immune to poison.
You resist negative energy. (rN+)
You are resistant to electric shocks. (rElec)
You are resistant to unholy torment.
You are immune to petrification.


   Skills:
 + Level 3.6 Fighting
 - Level 5.4 Axes
 - Level 3.2 Armour
 - Level 3.2 Shields


You had 5 spell levels left.
You didn't know any spells.
Your spell library was empty.

Inventory:

Hand Weapons
 f - a +0 whip
 Y - a +1 war axe (weapon)
Missiles
 j - 6 boomerangs (quivered)
Armour
 b - the +0 pair of gloves of Loar (worn) {Str+2 Slay+2}
   (You acquired it on level 3 of the Dungeon)

   Str:       It affects your strength (+2).
   Slay:      It affects your accuracy & damage with ranged weapons and melee
   (+2).
 c - a +0 buckler (worn)
 h - a +0 plate armour (worn)
Scrolls
 g - 2 scrolls of identify
Potions
 a - a potion of curing {unknown}
 d - 5 potions of might
 i - 2 potions of attraction

Dungeon Overview and Level Annotations

Branches:
Dungeon (4/15)
 Temple: D:4-7

Altars:
Ashenzari
Dithmenos
Elyvilon
Qazlal


Message History

The gnoll hits you but does no damage. x2
You slash the gnoll!
You kill the gnoll!
You slash the black bear! You hit the gnoll bouda.
The gnoll bouda gazes fiercely through you!
You feel your attacks grow feeble. The gnoll bouda barely misses you.
The adder bites you but does no damage.
The black bear bites you but does no damage.
The black bear claws you but does no damage. x2
The gnoll hits you but does no damage. x2
You have reached level 6!
You hit the black bear.
The black bear is almost dead.
You hit the gnoll bouda. You closely miss the adder.
The adder bites you but does no damage.
The gnoll bouda hits you with a +2 vampiric whip.
The black bear goes berserk!
The gnoll barely misses you. You block the gnoll's attack.
The adder bites you but does no damage.
You barely miss the black bear.
The black bear is almost dead.
You closely miss the gnoll bouda. You hit the adder.
You block the black bear's attack.
The black bear claws you but does no damage. x2
The gnoll bouda hits you with a +2 vampiric whip!
The gnoll hits you from afar with a +0 spear.
The gnoll completely misses you. The adder bites you but does no damage.
The black bear bites you but does no damage.
The black bear claws you but does no damage.
The black bear barely misses you.
The gnoll bouda hits you but does no damage.
The gnoll hits you but does no damage. x2
The adder bites you but does no damage.
You slash the black bear!
You kill the black bear!
You hit the adder.
You hit the gnoll bouda but do no damage.
Your attacks no longer feel as feeble.
The adder barely misses you. You block the gnoll's attack.
The gnoll bouda hits you with a +2 vampiric whip!
You die...

#[..### .. #.:.#
#.########..%###...
#..#.?......%.......
#.'................
######................
........|.............
.....................)
.....g%@g..>..:.......
......S.......####.##.
.......g......# .#
.........######
.).......# ........!#
#####.#### #.


You could see a gnoll bouda, 2 gnolls and an adder.

Vanquished Creatures
  A black bear (D:4)
  A phantom (D:4)
  An iguana (D:3)
  A gnoll (D:4)
  5 adders
  2 worms (D:2)
  3 dart slugs (D:1)
  An orc (D:3)
  8 ball pythons
  3 endoplasms
  5 giant cockroaches (D:2)
  8 goblins
  4 hobgoblins
  3 jackals (D:4)
  2 quokkas
  5 bats
  3 frilled lizards (D:1)
  3 kobolds
  8 rats
67 creatures vanquished.

Notes
Turn   | Place    | Note
-------+----------+-------------------------------------------
     0 | D:1      | qw the Gargoyle Fighter began the quest for the Orb.
     0 | D:1      | Reached XP level 1. HP: 14/14 MP: 1/1
     0 | D:1      | 0 ||| qw: Version: 0.1-a-108-g9e35731
     0 | D:1      | 0 ||| qw: Game counter: 6534
     0 | D:1      | 0 ||| qw: Always use a shield: true
     0 | D:1      | 0 ||| qw: God list: Okawaru
     0 | D:1      | 0 ||| qw: Allow faded altars: false
     0 | D:1      | 0 ||| qw: Do Orc after D:15 true
     0 | D:1      | 0 ||| qw: Do second Lair branch before Depths: true
     0 | D:1      | 0 ||| qw: Lair rune preference: random
     0 | D:1      | 0 ||| qw: Plans: Normal, Zot, God:TSO, Crypt, Tomb, Zig,
                  | Orb
     0 | D:1      | 0 ||| PLANNING D:1-11
    19 | D:1      | Reached skill level 2 in Axes
   102 | D:1      | Reached XP level 2. HP: 19/19 MP: 2/2
   433 | D:1      | Reached skill level 3 in Axes
   506 | D:1      | Reached XP level 3. HP: 23/23 MP: 3/3
   883 | D:1      | 883 ||| DROPPING ring of flight.
   884 | D:1      | 884 ||| READING scroll labelled BOS IPSADOIXKA.
   885 | D:1      | 885 ||| READING scroll labelled SASYMO SERIMUSCH.
   886 | D:1      | 886 ||| READING scroll labelled MOAVAV GUIGISYMOUK.
   887 | D:1      | 887 ||| READING scroll labelled JOZOCA VYESE.
   892 | D:1      | 892 ||| READING scroll labelled NUHOAPS FUHA.
   893 | D:1      | 893 ||| DRINKING 2 fuming yellow potions.
  1002 | D:2      | 1002 ||| Stepping ~*~*~tactically~*~*~ (stealth).
  1164 | D:2      | 1164 ||| Stepping ~*~*~tactically~*~*~ (stealth).
  1165 | D:2      | 1165 ||| Stepping ~*~*~tactically~*~*~ (stealth).
  1421 | D:2      | Reached XP level 4. HP: 28/28 MP: 4/4
  1615 | D:2      | 1615 ||| Stepping ~*~*~tactically~*~*~ (stealth).
  1624 | D:2      | Reached skill level 4 in Axes
  1635 | D:2      | Found a faded altar of an unknown god.
  1798 | D:2      | 1798 ||| READING 3 scrolls labelled OFFEXK DISKALL.
  1799 | D:2      | 1799 ||| READING scroll labelled UCRECOYNLE.
  1800 | D:2      | 1800 ||| DROPPING 2 scrolls of magic mapping.
  1845 | D:3      | HP: 6/28 [iguana (3)]
  1846 | D:3      | 1846 ||| READING scroll of teleportation.
  1848 | D:3      | HP: 2/28 [iguana (4)]
  2129 | D:3      | 2129 ||| Stepping randomly (stuck).
  2265 | D:3      | Found a white marble altar of Elyvilon.
  2265 | D:3      | Found a shadowy altar of Dithmenos.
  2480 | D:3      | Reached XP level 5. HP: 32/32 MP: 5/5
  2798 | D:3      | Found a stormy altar of Qazlal.
  2840 | D:3      | 2840 ||| UPGRADING to +0 plate armour.
  2850 | D:3      | 2850 ||| DROPPING +0 scale mail.
  2851 | D:3      | 2851 ||| READING scroll labelled GUEMUE SAGUNO.
  2852 | D:3      | 2852 ||| READING scroll labelled ODORI ROBBY.
  2852 | D:3      | Identified a scroll of acquirement
  2852 | D:3      | 2852 ||| ACQUIRING +0 pair of gloves of Loar {Str+2 Slay+2}
  2852 | D:3      | Acquired the +0 pair of gloves of Loar {Str+2 Slay+2}
  2854 | D:3      | 2854 ||| UPGRADING to +0 pair of gloves of Loar {Str+2
                  | Slay+2}.
  2859 | D:3      | 2859 ||| READING scroll labelled NAIHUR EFUPUO.
  2883 | D:4      | Found a broken altar of Ashenzari.
  3015 | D:4      | Noticed a phantom
  3035 | D:4      | Killed a phantom
  3036 | D:4      | Reached skill level 5 in Axes
  3206 | D:4      | Noticed a black bear
  3214 | D:4      | Reached XP level 6. HP: 19/37 MP: 6/6
  3215 | D:4      | HP: 6/37 [gnoll/+0 spear[a gnoll bouda] (4)]
  3216 | D:4      | Killed a black bear
  3216 | D:4      | Slain by a gnoll bouda

Levels and vault maps discovered:
D:1:      heliophobic_arrival_ceremonial_halls, layout_basic
D:2:      layout_loops_ring, ebering_ecumenical_altar_rust
D:3:      layout_loops_ring, nicolae_overflow_two_pavilions,
          nicolae_qazlal_eye_of_the_storm, reono_crystal_passage
D:4:      layout_basic, amcnicky_altar_gilded, serial_glass, glass_columns_a,
          glass_columns_a

Skill      XL: |  1  2  3  4  5 |
---------------+----------------+-----
Axes           | 2 3 4 5 |  5.4
Fighting       | |  3.6
Armour         | |  3.2
Shields        | |  3.2

Action                   |  1- 3 |  4- 6 || total
-------------------------+-------+-------++-------
Melee: War axe           |   117 |    81 ||   198
Throw: Boomerang         |       |    27 ||    27
  Use: Scroll            |     5 |     6 ||    11
       Potion            |     1 |       ||     1
Armor: Scale mail        |    52 |    11 ||    63
       Plate armour      |       |    56 ||    56
Dodge: Dodged            |    51 |    34 ||    85
Block: Buckler           |    11 |    23 ||    34

Table legend:
 A = Non-vault XP
 B = Vault XP
 C = Vault XP percentage of total XP
 D = Non-vault monster count
 E = Vault monster count
 F = Vault count percentage of total count
                 A         B        C        D         E       F
            +---------+---------+-------+---------+---------+-------
      Total |     452 |       0 |   0.0 |      67 |       0 |   0.0
            +---------+---------+-------+---------+---------+-------
        D:1 |      43 |       0 |   0.0 |      23 |       0 |   0.0
        D:2 |      58 |       0 |   0.0 |      18 |       0 |   0.0
        D:3 |      66 |       0 |   0.0 |      12 |       0 |   0.0
        D:4 |     285 |       0 |   0.0 |      14 |       0 |   0.0
            +---------+---------+-------+---------+---------+-------
